 Dungeon Crawl Stone Soup version 0.30-a0-250-g41c1d76940 (webtiles) character file.

Game seed: 2737793181559595510

198 bande the Shield-Bearer (level 5, -3/33 HPs)
             Began as a Gargoyle Fighter on Oct 12, 2022.
             Slain by a gnoll
             ... wielding a +0 flail
              (7 damage)
             ... on level 2 of the Dungeon.
             The game lasted 00:03:24 (1825 turns).

bande the Shield-Bearer (Gargoyle Fighter)          Turns: 1825, Time: 00:03:25

Health: -3/33      AC: 12    Str: 20    XL:     5   Next: 77%
Magic:  5/5        EV:  9    Int:  8    God:
Gold:   85         SH:  5    Dex: 11    Spells: 4/4 levels left

rFire   . . .      SeeInvis .    a - +0 war axe
rCold   . . .      Faith    .    c - +0 buckler
rNeg    + . .      Spirit   .    b - +0 scale mail
rPois   ∞          Reflect  .    p - +0 helmet
rElec   +          Harm     .    (no cloak)
rCorr   .          Rampage  .    (no gloves)
Will    .....                    (no boots)
Stlth   ..........               (no amulet)
HPRegen 0.25/turn                (no ring)
MPRegen 0.09/turn                (no ring)

@: no status effects
A: sickness immunity, AC +4, negative energy resistance 1, electricity
resistance, torment resistance 1, petrification resistance
a: no special abilities


You were on level 2 of the Dungeon.
You visited 1 branch of the dungeon, and saw 3 of its levels.

You collected 85 gold pieces.

Inventory:

Hand Weapons
 a - a +0 war axe (weapon)
 r - a +0 flail
Armour
 b - a +0 scale mail (worn)
 c - a +0 buckler (worn)
 p - a +0 helmet (worn)
Scrolls
 e - 4 scrolls of identify {unknown}
 f - 2 scrolls of enchant armour {unknown}
 g - a scroll of poison {unknown}
 i - a scroll of teleportation {unknown}
 l - a scroll of vulnerability {unknown}
 m - a scroll of immolation {unknown}
 n - a scroll of silence {unknown}
 o - a scroll of amnesia {unknown}
Potions
 d - a potion of might
 h - a potion of degeneration {unknown}
 j - a potion of ambrosia {unknown}
 k - a potion of berserk rage {unknown}
 q - a potion of haste {unknown}
 s - a potion of lignification {unknown}


   Skills:
 + Level 4.2 Fighting
 + Level 3.3 Axes
 + Level 4.1 Armour
 + Level 4.5 Shields


You had 4 spell levels left.
You didn't know any spells.
Your spell library contained the following spells:

 Spells                   Type           Power      Damage    Failure   Level
 Summon Guardian Golem    Hex/Summ       0%         N/A       99%         3
 Cause Fear               Hex            0%         N/A       100%        4
 Dragon Form              Tmut           0%         N/A       100%        7
 Orb of Destruction       Conj           0%         9d5       100%        7
 Spellforged Servitor     Conj/Summ      0%         N/A       100%        7
 Dragon's Call            Summ           0%         N/A       100%        9


Dungeon Overview and Level Annotations

Branches:
Dungeon (3/15)

Altars:


Innate Abilities, Weirdness & Mutations

You are immune to sickness and miasma.
Your stone body is resilient. (AC +4)
You are immune to poison.
You resist negative energy. (rN+)
You are resistant to electric shocks. (rElec)
You are resistant to unholy torment.
You are immune to petrification.


Message History

Unknown command.
The gnoll attacks as you move away! The gnoll hits you with a +0 flail.
The gnoll attacks as you move away! The gnoll closely misses you.
The gnoll attacks as you move away! You block the gnoll's attack.
The gnoll attacks as you move away! The gnoll hits you with a +0 flail.
The gnoll attacks as you move away! The gnoll closely misses you.
The gnoll attacks as you move away! The gnoll barely misses you.
The gnoll attacks as you move away! The gnoll hits you but does no damage.
You open the door. The gnoll hits you with a +0 flail.
There is an open door here.
The gnoll attacks as you move away! The gnoll barely misses you.
The gnoll hits you but does no damage.
There is an open door here.
The gnoll attacks as you move away! The gnoll hits you but does no damage.
The gnoll attacks as you move away! The gnoll barely misses you.
The gnoll attacks as you move away! You block the gnoll's attack.
The gnoll attacks as you move away! The gnoll hits you with a +0 flail.
The gnoll attacks as you move away! The gnoll closely misses you.
There is a stone staircase leading down here.
The gnoll attacks as you move away! The gnoll hits you but does no damage.
The gnoll attacks as you move away! The gnoll hits you but does no damage.
The gnoll attacks as you move away! The gnoll barely misses you.
The gnoll attacks as you move away! The gnoll hits you with a +0 flail.
The gnoll attacks as you move away! The gnoll hits you with a +0 flail!
* * * LOW HITPOINT WARNING * * *
The gnoll attacks as you move away! You block the gnoll's attack.
There is a stone staircase leading up here.
The gnoll hits you with a +0 flail.
* * * LOW HITPOINT WARNING * * *
You climb upwards.
There is a stone staircase leading down here.
You barely miss the gnoll. The gnoll hits you with a +0 flail.
* * * LOW HITPOINT WARNING * * *
The gnoll hits you with a +0 flail.
* * * LOW HITPOINT WARNING * * *
You hit the gnoll but do no damage. The gnoll barely misses you.
You slash the gnoll!
The gnoll is heavily wounded.
The gnoll hits you with a +0 flail!
You die...

###########
#........<##########
#..................#
#..................#
#########..........#
######).........#
#...##..........##
#g................
#@..............##
###..........####
####.#####..# ####.#
##.###
###....######...##
#..........####...
#..........# ####
#..........# #..
#..........#####.#


You could see a gnoll.

Vanquished Creatures
  An orc priest (D:3)
  Natasha (twice) (D:2)
  4 adders
  2 dart slugs
  5 orcs (D:3)
  6 endoplasms
  4 giant cockroaches
  10 hobgoblins
  4 jackals (D:1)
  6 kobolds
  A quokka (D:2)
  10 ball pythons
  9 bats
  2 frilled lizards
  5 goblins
  4 rats
75 creatures vanquished.

Notes
Turn   | Place    | Note
-------+----------+-------------------------------------------
     0 | D:1      | bande the Gargoyle Fighter began the quest for the Orb.
     0 | D:1      | Reached XP level 1. HP: 14/14 MP: 1/1
    50 | D:1      | Reached XP level 2. HP: 19/19 MP: 2/2
   161 | D:1      | Found a faded altar of an unknown god.
   172 | D:1      | Reached XP level 3. HP: 23/23 MP: 3/3
   437 | D:2      | Noticed Natasha
   456 | D:2      | Killed Natasha
   457 | D:2      | Reached XP level 4. HP: 29/29 MP: 4/4
   776 | D:2      | Noticed Natasha
   921 | D:2      | Killed Natasha
   922 | D:2      | Reached XP level 5. HP: 33/33 MP: 5/5
  1825 | D:2      | Slain by a gnoll

Illustrated notes

Levels and vault maps discovered:
D:1:      zaba_arrival_water, layout_rooms, ebering_ecumenical_altar_rust
D:2:      layout_basic, minmay_unequal, uniq_natasha
D:3:      layout_loops_corners, nemelex_dance_club_becter

Skill      XL: |  1  2  3  4  5 |
---------------+----------------+-----
Axes           | 2 3 |  3.3
Fighting       | 4 |  4.2
Armour         | 4 |  4.1
Shields        | 4 |  4.5

Action                   |  1- 3 |  4- 6 || total
-------------------------+-------+-------++-------
Melee: War axe           |    95 |   148 ||   243
       Unarmed           |       |    14 ||    14
 Stab: Sleeping          |       |     1 ||     1
Armor: Scale mail        |    76 |    90 ||   166
       Skin              |     1 |       ||     1
Dodge: Dodged            |    48 |    96 ||   144
Block: Buckler           |    23 |    43 ||    66

Table legend: (Time is in decaauts)
 A = Elapsed time spent in this place.
 B = Non-inter-level travel time spent in this place.
 C = Inter-level travel time spent in this place.
 D = Time resting spent in this place.
 E = Time spent auto-exploring this place.
 F = Levels seen in this place.
 G = Mean time per level.
                   A        B        C        D        E       F      G
               +--------+--------+--------+--------+--------+-----+--------+
         Total |   1947 |   1947 |      0 |    128 |   1133 |   3 |  649.0 |
       Dungeon |   1947 |   1947 |      0 |    128 |   1133 |   3 |  649.0 |
               +--------+--------+--------+--------+--------+-----+--------+

Top non-repeatable levels by time:
     D:2: 747 daAuts
     D:3: 673 daAuts
     D:1: 527 daAuts
